 Dungeon Crawl Stone Soup version 0.23-a0-494-g91793a9 (webtiles) character file.

1375 zishaf the Sneak (level 8, 0/44 HPs)
             Began as a Kobold Assassin on Dec 4, 2018.
             Succumbed to Crazy Yiuf's poison
             ... on level 5 of the Dungeon.
             The game lasted 00:15:49 (6647 turns).

zishaf the Sneak (Kobold Assassin)                  Turns: 6647, Time: 00:15:50

Health: 0/44       AC:  0    Str: 16    XL:     8   Next: 98%
Magic:  0/11       EV: 23    Int: 12    God:
Gold:   301        SH:  0    Dex: 21    Spells: 6/11 levels left

rFire    . . .     SeeInvis .   (weapon currently unavailable)
rCold    . . .     Gourm    .   (shield currently unavailable)
rNeg     . . .     Faith    .   (armour currently unavailable)
rPois    .         Spirit   +   (helmet currently unavailable)
rElec    .         Reflect  .   (cloak currently unavailable)
rCorr    .         Harm     .   (gloves currently unavailable)
MR       .....                  (boots currently unavailable)
Stlth    ++++......             n - amulet of guardian spirit
HPRegen  0.14/turn              (ring currently unavailable)
MPRegen  0.12/turn              (ring currently unavailable)

@: mighty, lethally poisoned (0 -> -6), bat-form, flying, drained, very quick
A: tiny, carnivore
a: no special abilities


You were on level 5 of the Dungeon.
You were completely stuffed.
You were in bat-form.
You visited 2 branches of the dungeon, and saw 6 of its levels.

You collected 301 gold pieces.

Inventory:

Hand Weapons
 a - a +2 short sword of speed (melded)
 b - a +0 blowgun
 E - a +2 rapier of flaming
Missiles
 e - 7 poisoned needles
 f - a curare-tipped needle
 i - 37 sling bullets
 t - 3 throwing nets (quivered)
 B - 3 needles of paralysis
Armour
 d - a +0 cloak (melded)
 p - a +1 pair of boots (melded)
 r - a cursed +0 ring mail (melded)
 A - a +0 buckler (melded)
 H - a +0 plate armour
Magical Staves
 G - an uncursed staff of earth {unknown}
Jewellery
 c - a ring of positive energy (melded)
 n - an amulet of guardian spirit (around neck)
 C - an uncursed ring of wizardry {unknown}
Wands
 D - a wand of disintegration (22)
Scrolls
 h - 8 scrolls of identify {unknown}
 j - 4 scrolls of teleportation {unknown}
 m - 2 scrolls of enchant armour {unknown}
 q - a scroll of magic mapping {unknown}
 u - 2 scrolls of fog {unknown}
 y - 2 scrolls of enchant weapon {unknown}
 z - 2 scrolls of random uselessness {unknown}
 F - a scroll of fear {unknown}
Potions
 k - 2 potions of might
 l - 3 potions of curing {unknown}
 o - 3 potions of flight {unknown}
 s - a potion of haste {unknown}
 v - 3 potions of degeneration {unknown}
 w - 4 potions of heal wounds {unknown}
 x - a potion of brilliance {unknown}
Comestibles
 g - 13 rations


   Skills:
 - Level 2.1(2.0) Fighting
 - Level 5.1(4.9) Short Blades
 - Level 2.1(2.0) Throwing
 + Level 2.3(2.2) Armour
 - Level 4.2(4.0) Dodging
 - Level 7.2(7.0) Stealth
 * Level 3.7(3.5) Shields
 - Level 2.0(1.8) Spellcasting
 * Level 4.4(4.2) Hexes
 + Level 2.9(2.7) Ice Magic


You had 6 spell levels left.
You knew the following spells:

 Your Spells              Type           Power        Failure   Level  Hunger
a - Ensorcelled Hibernat  Hex/Ice        #.....       10%         2    ###....
b - Confuse               Hex            ##......     14%         3    ####...

Your spell library contained the following spells:

 Spells                   Type           Power        Failure   Level  Hunger
 Corona                   Hex            ##.....      4%          1    ##.....
 Tukima's Dance           Hex            ##......     14%         3    ####...
 Shock                    Conj/Air       #...         28%         1    ##.....
 Dazzling Spray           Conj/Hex       #.....       34%         3    ####...
 Swiftness                Chrm/Air       #.......     38%         2    ###....
 Static Discharge         Conj/Air       #.......     63%         3    ####...
 Airstrike                Air            #.........   95%         4    #####..
 Lightning Bolt           Conj/Air       #.........   100%        5    ######.


Dungeon Overview and Level Annotations

Branches:
Dungeon (5/15)             Temple (1/1) D:5

Altars:
Dithmenos
Elyvilon
Gozag
Hepliaklqana
Kikubaaqudgha
Makhleb
Nemelex Xobeh
Okawaru
Qazlal
Ru
Xom
Zin

Shops:
D:5 !!}

Annotations:
D:4 exclusion: downstairs
D:5 Crazy Yiuf


Innate Abilities, Weirdness & Mutations

You are small and have problems with some larger weapons.
You are carnivorous and can eat meat at any time.


Message History

Your ring of positive energy melds into your body.
Crazy Yiuf hits you but does no damage.
Crazy Yiuf hits you with a +3 quarterstaff of chaos!
Crazy Yiuf freezes you.
Crazy Yiuf hits you with a +3 quarterstaff of chaos!
Crazy Yiuf burns you.
You turn to flesh and can move again.
You hit Crazy Yiuf but do no damage.
Crazy Yiuf is severely wounded.
Crazy Yiuf hits you with a +3 quarterstaff of chaos!
* * * LOW HITPOINT WARNING * * *
You are lethally poisoned!
* * * LOW HITPOINT WARNING * * *
You feel sick.
There is an open door here.
It was a potion of might.
You feel very mighty all of a sudden.
* * * LOW HITPOINT WARNING * * *
You feel sick.
You die...

# # # # ## #. #####
♣♣#### ## #)..#♣♣
♣♣P...## #
#..g'b♣♣♣♣PP....#
#...#♣..♣.......#
#####♣♣♣.♣......#
♣♣♣♣♣##.## #.#
#############.######
#............)#♣.#.##
#........#>∩..#8.'..#
#.............#♣.#...


You could see Crazy Yiuf.

Vanquished Creatures
  The ghost of zishaf the Changer, a novice VSTm of Qazlal (D:5)
  Sigmund (D:4)
  Menkaure (D:5)
  Purgy (D:2)
  2 ogres
  A crimson imp (D:5)
  A quasit (D:5)
  3 hounds
  3 orc wizards
  A centaur skeleton (D:5)
  4 worker ants
  A worker ant zombie (D:5)
  4 gnolls (D:4)
  9 adders
  2 oozes
  An adder skeleton (D:5)
  A worm (D:4)
  A dart slug (D:1)
  4 leopard geckos
  25 orcs
  3 giant cockroaches
  6 goblins
  8 hobgoblins
  12 jackals
  5 kobolds
  4 quokkas
  3 ball pythons
  3 bats
  3 frilled lizards
  2 quokka skeletons (D:4)
  9 rats
125 creatures vanquished.

Vanquished Creatures (others)
  An adder (D:5)
1 creature vanquished.

Grand Total: 126 creatures vanquished

Notes
Turn   | Place    | Note
-------+----------+-------------------------------------------
     0 | D:1      | zishaf the Kobold Assassin began the quest for the Orb.
     0 | D:1      | Reached XP level 1. HP: 12/12 MP: 1/1
   220 | D:1      | Reached XP level 2. HP: 9/17 MP: 2/2
   596 | D:1      | Reached XP level 3. HP: 18/21 MP: 1/3
   911 | D:2      | Found a sacrificial altar of Ru.
   946 | D:2      | Reached skill level 6 in Stealth
   946 | D:2      | Reached XP level 4. HP: 20/26 MP: 2/4
  1752 | D:2      | Reached XP level 5. HP: 30/30 MP: 5/5
  2132 | D:3      | Noticed Purgy
  2261 | D:2      | Killed Purgy
  2261 | D:2      | Reached skill level 5 in Short Blades
  2261 | D:2      | Reached skill level 7 in Stealth
  2261 | D:2      | Reached XP level 6. HP: 10/35 MP: 3/6
  3184 | D:3      | Learned a level 2 spell: Ensorcelled Hibernation
  3188 | D:3      | Learned a level 3 spell: Confuse
  3679 | D:4      | Reached skill level 1 in Spellcasting
  3680 | D:4      | Noticed Sigmund
  3687 | D:4      | Killed Sigmund
  3687 | D:4      | Reached skill level 1 in Shields
  3687 | D:4      | Reached skill level 1 in Hexes
  3687 | D:4      | Reached skill level 1 in Ice Magic
  3687 | D:4      | Reached XP level 7. HP: 40/40 MP: 7/9
  4268 | D:4      | Reached skill level 1 in Armour
  4649 | D:5      | Entered Level 5 of the Dungeon
  5232 | D:5      | Noticed Menkaure
  5290 | D:5      | Reached XP level 8. HP: 39/44 MP: 11/11
  5539 | D:5      | Found a runed door.
  5539 | D:5      | Noticed zishaf's ghost (novice VSTm)
  5574 | D:5      | Killed zishaf's ghost
  5683 | D:5      | Found Sokhouca's Distillery.
  5714 | D:5      | Killed Menkaure
  5945 | D:5      | Found Zacag's Gadget Emporium.
  6058 | D:5      | Found a staircase to the Ecumenical Temple.
  6067 | Temple   | Entered the Ecumenical Temple
  6352 | D:5      | Found an iron altar of Okawaru.
  6386 | D:5      | Found Ylui's Distillery.
  6415 | D:5      | Found a runed door.
  6626 | D:5      | Noticed Crazy Yiuf
  6644 | D:5      | HP: 2/44 [poisoned by Crazy Yiuf]
  6647 | D:5      | Succumbed to Crazy Yiuf's poison

Vault maps used:
D:1:      giann_bridges
D:2:      first_ration, chequers_serial_rivers_marsh,
          nicolae_ru_great_annihilating_truth
D:3:      minmay_statues_item, dk_vineyard_2, minmay_misc_feat_columns,
          minmay_strange_pillars, uniq_purgy
D:4:      uniq_sigmund
D:5:      lemuel_coloured_pillars_altar, lemuel_temple_firewalk_b,
          gammafunk_ghost_grave, serial_shops, shop, nicolae_shop_statue_plus,
          nicolae_shop_statue_plus, uniq_crazy_yiuf_cottage, uniq_menkaure
Temple:   bh_familiar_temple

Skill      XL: |  1  2  3  4  5  6  7  8 |
---------------+-------------------------+-----
Short Blades   | 3 4 5 |  5.1
Dodging        | 2 3 4 |  4.2
Stealth        | 6 7 |  7.2
Spellcasting   | 1 2 |  2.0
Shields        | 1 2 3 |  3.7
Hexes          | 1 2 4 |  4.4
Ice Magic      | 1 2 |  2.9
Armour         | 1 2 |  2.3
Fighting       | |  2.1
Throwing       | |  2.1

Action                   |  1- 3 |  4- 6 |  7- 9 || total
-------------------------+-------+-------+-------++-------
Melee: Dagger            |   120 |   316 |   161 ||   597
       Short sword       |       |       |   130 ||   130
       Unarmed           |       |       |     1 ||     1
 Fire: Blowgun           |       |     5 |     9 ||    14
  Use: Potion            |       |       |     1 ||     1
 Stab: Sleeping          |     6 |     9 |     5 ||    20
       Paralysed         |       |     1 |       ||     1
  Eat: Chunk             |     8 |    10 |     9 ||    27
Armor: Robe              |     7 |       |       ||     7
       Ring mail         |    19 |    97 |    47 ||   163
Dodge: Dodged            |    56 |   223 |   135 ||   414
Block: Buckler           |       |    14 |    48 ||    62

Table legend:
 A = Non-vault XP
 B = Vault XP
 C = Vault XP percentage of total XP
 D = Non-vault monster count
 E = Vault monster count
 F = Vault count percentage of total count
                 A         B        C        D         E       F
            +---------+---------+-------+---------+---------+-------
      Total |    1106 |     859 |  43.7 |     117 |       8 |   6.4
            +---------+---------+-------+---------+---------+-------
        D:1 |      42 |       0 |   0.0 |      24 |       0 |   0.0
        D:2 |      97 |     175 |  64.3 |      22 |       5 |  18.5
        D:3 |      68 |       0 |   0.0 |      24 |       0 |   0.0
        D:4 |     380 |     208 |  35.4 |      24 |       1 |   4.0
        D:5 |     519 |     476 |  47.8 |      23 |       2 |   8.0
            +---------+---------+-------+---------+---------+-------
